Map: Cañón atribulado

Players

TATORREA

  • Race: Protoss Protoss
  • League: Gold
  • Spawn Location: 12:00

MrFercho

  • Race: Zerg Zerg
  • League: Gold
  • Spawn Location: 12:00

tigro

  • Race: Terran Terran
  • League: Bronze
  • Spawn Location: 3:00

Mauro - Winner!

  • Race: Protoss Protoss
  • League: Silver
  • Spawn Location: 6:00

Tapion - Winner!

  • Race: Terran Terran
  • League: Gold
  • Spawn Location: 7:00

Toposgg - Winner!

  • Race: Terran Terran
  • League: Gold
  • Spawn Location: 6:00

VOD

Have the link to the VOD?

Description

Time

  • Played on: July 27, 2020, 10:32 p.m.
  • Length: 9:30
Show
View Real Time Build Order
Export as new Build Order

TATORREA Protoss 

Build Orders:  

Get SALT Encoding   

  12  0:04  Probe  
  13  0:16  Probe  
  14  0:25  Pylon  
  14  0:28  Probe  
  15  0:43  Probe  
  15  0:49  Gateway  
  16  1:06  Probe  
  17  1:14  Assimilator  
  17  1:18  Probe (Chrono Boost)  
  17  1:19  Pylon  
  17  1:23  Pylon  
  18  1:30  Probe (Chrono Boost)  
  19  1:33  Gateway  
  19  1:37  Probe (Chrono Boost)  
  20  1:44  Cybernetics Core  
  20  1:45  Probe  
  21  1:57  Probe  
  21  1:58  Assimilator  
  22  2:03  Gateway  
  22  2:09  Probe  
  22  2:28  Twilight Council  
  22  2:39  Probe  
  23  2:47  Warp Gate  
  23  3:01  Nexus  
  23  3:03  Pylon  
  23  3:05  Charge (Chrono Boost), Pylon  
  23  3:06  Probe  
  24  3:14  Probe  
  25  3:22  Probe  
  26  3:31  Robotics Facility  
  26  3:33  Probe  
  27  3:45  Probe  
  27  3:48  Zealot x2  
  32  3:51  Zealot  
  34  3:57  Probe  
  35  4:09  Probe  
  36  4:18  Warp Prism  
  36  4:21  Probe  
  36  4:23  Probe  
  32  4:40  Stalker  
  34  5:11  Stalker  
  36  5:20  Probe x2  
  38  5:32  Probe (Chrono Boost)  
  38  5:33  Probe (Chrono Boost)  
  42  5:43  Probe x2 (Chrono Boost)  
  42  5:47  Probe x2 (Chrono Boost)  
  43  5:58  Probe x2  
  41  6:08  Stalker x2  
  41  6:09  Stalker  
  46  6:15  Probe (Chrono Boost)  
  46  6:16  Probe (Chrono Boost)  
  48  6:27  Probe (Chrono Boost)  
  48  6:28  Probe (Chrono Boost)  
  50  6:34  Probe x2 (Chrono Boost)  
  52  6:41  Probe x2  
  52  6:45  Stalker x2  
  52  6:46  Stalker  
  60  6:54  Probe x2  
  62  7:03  Assimilator  
  62  7:06  Probe x2  
  62  7:07  Assimilator  
  64  7:18  Probe x2  
  64  7:22  Immortal  
  70  7:43  Probe x2  
  70  8:14  Observer  
  69  8:36  Pylon  
  69  8:39  Pylon  
  65  8:46  Probe x2  
  49  8:48  Nexus  
  49  8:49  Zealot x2  
  49  8:50  Zealot  
  49  8:53  Nexus  
  53  8:56  Pylon  
  53  8:58  Probe x2, Pylon  
  53  9:02  Pylon  
  55  9:05  Pylon  
  53  9:10  Probe x2  
Show
View Real Time Build Order
Export as new Build Order

MrFercho Zerg 

Build Orders: Hatch First 

Get SALT Encoding   

  12  0:01  Drone  
  13  0:14  Overlord  
  13  0:19  Drone  
  14  0:32  Drone x2  
  16  0:54  Drone  
  17  0:57  Hatchery  
  17  0:59  Drone  
  17  1:02  Drone  
  18  1:14  Extractor  
  17  1:19  Spawning Pool  
  17  1:21  Drone  
  17  1:24  Drone  
  18  1:30  Drone  
  19  1:41  Drone  
  20  1:52  Overlord  
  20  2:05  Queen  
  22  2:10  Queen  
  22  2:12  Zergling x4  
  26  2:19  Drone  
  27  2:23  Drone  
  27  2:24  Drone  
  27  2:25  Metabolic Boost  
  29  2:31  Drone  
  29  2:35  Drone  
  31  2:42  Drone  
  32  2:45  Overlord  
  32  2:53  Lair  
  32  2:56  Queen  
  32  2:57  Drone  
  35  2:59  Drone  
  35  3:03  Drone  
  37  3:10  Drone  
  38  3:14  Drone  
  39  3:20  Overlord  
  39  3:22  Drone x3  
  42  3:31  Drone x2  
  42  3:32  Overlord x2  
  44  3:51  Hatchery  
  43  3:58  Evolution Chamber  
  43  3:59  Baneling Nest  
  43  4:00  Drone x2  
  43  4:03  Zergling x12  
  49  4:12  Zergling x4  
  49  4:13  Zergling x2  
  52  4:24  Zerg Melee Weapons Level 1  
  52  4:27  Spore Crawler  
  52  4:30  Spore Crawler  
  50  4:33  Drone  
  50  4:37  Drone  
  52  4:49  Drone  
  53  5:01  Centrifical Hooks  
  53  5:09  Drone  
  53  5:10  Spore Crawler  
  53  5:18  Zergling x18  
  62  5:34  Zergling x8  
  66  5:43  Overlord x2, Nydus Network  
  65  5:54  Zergling x2  
  66  6:28  Spore Crawler  
  64  6:43  Zergling x2  
  64  6:44  Zergling x34  
  82  6:52  Nydus Canal  
  82  7:17  Overlord x4  
  82  7:19  Overlord  
  82  7:20  Overlord x3  
  82  7:52  Zergling x6  
  82  7:53  Zergling x22  
  70  8:59  Extractor  
  70  9:01  Extractor  
  51  9:22  Extractor  
Show
View Real Time Build Order
Export as new Build Order

tigro Terran 

Build Orders:  

Get SALT Encoding   

  12  0:12  Supply Depot  
  12  0:14  SCV  
  13  0:26  SCV  
  14  0:38  SCV  
  14  0:40  Barracks  
  15  0:50  SCV  
  16  0:57  Refinery  
  16  1:02  SCV  
  17  1:14  SCV  
  18  1:26  SCV  
  18  1:27  Marine  
  20  1:41  Refinery  
  20  1:45  Marine  
  21  2:03  Marine  
  21  2:07  Factory  
  22  2:21  Marine  
  23  2:41  Supply Depot  
  23  3:02  SCV, Marine  
  25  3:13  Factory Tech Lab  
  25  3:33  Siege Tank  
  25  3:34  Command Center  
  28  3:35  Barracks Tech Lab  
  28  3:49  SCV  
  29  4:01  Combat Shield  
  29  4:04  Marine  
  29  4:09  Siege Tank  
  31  4:28  Orbital Command  
  31  4:45  Marine  
  32  4:49  Refinery  
  32  5:03  Marine  
  32  5:05  Engineering Bay  
  32  5:21  Marine  
  21  5:38  Marine  
  18  5:56  Marine  
  13  6:01  Missile Turret  
  10  6:07  SCV  
  11  6:14  Marine  
  11  6:19  SCV  
  11  6:20  Stimpack  
  11  6:22  Terran Infantry Weapons Level 1  
  12  6:25  SCV  
  12  6:30  Missile Turret  
  12  6:31  SCV  
  12  6:32  Marine  
  15  6:37  SCV  
  16  6:43  SCV  
  17  6:50  SCV, Marine  
  17  6:53  Missile Turret  
  19  6:55  SCV  
  20  7:02  SCV  
  20  7:07  Marine  
  22  7:11  Siege Tank  
  22  7:14  SCV  
  22  7:15  Missile Turret  
  26  7:25  Marine  
  26  7:26  SCV  
  28  7:37  Missile Turret  
  28  7:38  SCV  
  29  7:50  SCV  
  26  8:02  SCV  
  27  8:09  Missile Turret  
  14  8:31  Marine  
  14  8:49  Marine  
Show
View Real Time Build Order
Export as new Build Order

Mauro Protoss - Winner!

Build Orders: Oracle Opening 

Get SALT Encoding   

  12  0:00  Probe  
  13  0:12  Probe  
  14  0:23  Pylon  
  14  0:26  Assimilator  
  14  0:30  Probe  
  15  0:47  Gateway  
  15  0:51  Probe  
  16  1:03  Probe  
  17  1:05  Assimilator  
  17  1:15  Probe  
  18  1:28  Probe  
  18  1:31  Pylon  
  19  1:37  Cybernetics Core  
  19  1:40  Probe  
  20  1:52  Probe  
  21  2:07  Probe  
  22  2:13  Pylon  
  22  2:15  Pylon  
  22  2:19  Probe  
  23  2:32  Stargate  
  23  2:33  Stargate  
  23  2:43  Stalker  
  25  3:15  Oracle x2 (Chrono Boost)  
  31  3:23  Stalker  
  33  3:37  Nexus  
  33  3:39  Pylon  
  33  4:13  Assimilator  
  33  4:19  Assimilator  
  33  4:53  Void Ray x2  
  33  4:59  Probe (Chrono Boost)  
  42  5:04  Probe (Chrono Boost)  
  43  5:11  Probe (Chrono Boost)  
  45  5:14  Probe (Chrono Boost)  
  45  5:17  Probe (Chrono Boost)  
  45  5:19  Probe (Chrono Boost)  
  47  5:34  Probe  
  48  5:46  Probe  
  48  5:48  Void Ray  
  48  5:49  Void Ray  
  57  5:58  Probe  
  58  6:10  Probe  
  59  6:22  Probe  
  59  6:23  Probe  
  61  6:31  Fleet Beacon  
  61  6:33  Pylon  
  61  6:34  Pylon  
  61  6:35  Probe  
  61  6:39  Pylon  
  62  6:43  Pylon  
  62  6:47  Probe  
  62  6:51  Stargate  
  63  6:57  Void Ray x2  
  63  6:59  Probe  
  72  7:08  Robotics Facility  
  72  7:11  Probe  
  67  8:02  Void Ray x3  
  56  8:30  Probe  
  37  8:42  Probe  
  38  8:54  Probe  
  39  9:03  Assimilator  
  39  9:06  Probe  
  39  9:07  Assimilator  
  40  9:11  Pylon  
Show
View Real Time Build Order
Export as new Build Order

Tapion Terran - Winner!

Build Orders:  

Get SALT Encoding   

  12  0:01  SCV  
  13  0:19  SCV, Supply Depot  
  14  0:26  Refinery  
  14  0:31  SCV  
  15  0:43  Barracks  
  15  0:49  SCV  
  16  1:01  SCV  
  17  1:13  SCV  
  18  1:25  SCV  
  19  1:41  Supply Depot  
  19  1:47  Orbital Command  
  19  2:04  Supply Depot  
  19  2:16  Command Center  
  19  2:18  SCV  
  20  2:23  Refinery  
  20  2:27  Factory  
  20  2:30  SCV  
  20  2:35  Barracks Reactor  
  21  2:49  Engineering Bay  
  21  2:50  SCV  
  22  3:03  SCV  
  23  3:12  Factory Tech Lab  
  23  3:13  Starport  
  23  3:15  SCV  
  23  3:18  Sensor Tower  
  24  3:22  Marine x2  
  26  3:27  SCV  
  26  3:32  SCV  
  28  3:39  SCV, Marine  
  30  3:51  SCV, Starport Reactor  
  31  4:03  Barracks  
  31  4:05  Marine x2  
  31  4:06  Barracks  
  33  4:10  Siege Tank  
  33  4:16  Terran Infantry Weapons Level 1  
  36  4:18  SCV  
  36  4:23  SCV  
  38  4:30  SCV  
  39  4:35  SCV  
  40  4:42  SCV  
  41  4:52  Refinery  
  41  4:54  SCV, Medivac x2  
  41  4:55  Refinery  
  41  4:56  Barracks Tech Lab x2  
  46  5:06  SCV  
  47  5:11  Factory  
  47  5:14  Command Center  
  47  5:43  Combat Shield  
  47  5:44  Stimpack  
  47  5:47  Medivac  
  49  5:53  SCV  
  49  5:55  SCV  
  51  6:03  Marauder  
  53  6:05  SCV  
  53  6:08  Factory Tech Lab  
  53  6:10  Terran Infantry Armor Level 1  
  54  6:26  SCV x2, Marauder x2  
  54  6:31  Marine  
  54  6:32  Marine  
  62  6:38  SCV x3  
  65  6:47  Marauder x2  
  69  6:57  Supply Depot  
  69  7:00  Supply Depot  
  69  7:18  SCV x3  
  69  7:19  Marauder x2  
  69  7:21  Marine  
  69  7:22  Supply Depot, Marine, Siege Tank x2  
  84  7:23  Concussive Shells  
  84  7:26  Supply Depot  
  84  7:30  SCV  
  85  7:43  SCV x3, Marauder x2, Marine  
  93  7:48  Medivac x2  
  97  7:55  SCV x3  
  100  8:07  SCV  
  101  8:35  SCV  
  101  8:36  Marauder  
  101  8:40  SCV, Marauder  
  97  8:52  SCV  
Show
View Real Time Build Order
Export as new Build Order

Toposgg Terran - Winner!

Build Orders: Liberator Opening, Reaper Expand 

Get SALT Encoding   

  12  0:00  SCV  
  13  0:12  SCV  
  14  0:18  Supply Depot  
  14  0:25  SCV  
  15  0:39  SCV  
  15  0:41  Barracks  
  16  0:46  Refinery  
  16  0:52  SCV  
  17  1:04  SCV  
  18  1:16  SCV  
  19  1:28  Reaper  
  19  1:29  Orbital Command  
  20  1:46  Command Center  
  20  2:12  Refinery  
  20  2:23  Barracks Reactor  
  20  2:24  Factory  
  20  2:25  SCV  
  21  2:33  Supply Depot  
  21  2:35  Supply Depot  
  21  2:37  SCV  
  22  2:56  SCV  
  23  3:08  SCV  
  23  3:12  Starport  
  23  3:19  Hellion x2  
  27  3:20  Barracks Tech Lab  
  27  3:22  Orbital Command  
  27  3:25  SCV  
  28  3:39  SCV  
  29  3:43  Hellion x2  
  33  3:51  Liberator  
  33  3:55  Factory  
  36  3:59  SCV x2  
  34  4:19  SCV x2  
  36  4:28  Widow Mine x2  
  40  4:31  SCV  
  41  4:43  Refinery  
  41  4:45  Liberator  
  41  4:47  Refinery  
  41  4:48  Factory Tech Lab  
  41  4:49  Armory  
  44  4:55  Supply Depot  
  44  5:02  Widow Mine x2  
  48  5:19  Supply Depot  
  48  5:45  SCV x2  
  50  5:50  Terran Vehicle Weapons Level 1  
  50  5:57  SCV x2  
  50  5:59  Thor  
  58  6:05  Factory  
  58  6:09  SCV  
  58  6:10  SCV  
  60  6:21  SCV  
  60  6:22  SCV  
  62  6:34  SCV x2  
  64  6:41  Thor  
  67  6:55  Supply Depot  
  67  6:56  Supply Depot  
  67  6:58  SCV x2, Supply Depot  
  69  7:03  Factory Tech Lab  
  69  7:05  Factory  
  69  7:10  SCV  
  70  7:17  SCV  
  70  7:22  SCV  
  69  7:49  Thor x2  
  77  8:08  Hellbat  
  77  8:09  Hellbat  
  81  8:26  Starport Reactor  
  81  8:30  Hellbat x2  
  81  8:31  Factory Reactor  
  81  8:32  Hellbat x2  
  89  8:51  Hellbat x2  
  89  8:53  Hellbat  
  78  9:02  Hellbat  
  77  9:03  SCV  
  77  9:04  SCV  
  77  9:09  Marine  
  83  9:16  SCV x2  
Tags
 
Add a new tag
Caveats
  • Supply blocks, unpowered buildings, or Contaminate may cause inaccurate times.
  • Supply counts are checked every 10 seconds.